 Dungeon Crawl Stone Soup version 0.31-a0-198-g2ad674f65e (webtiles) character file.

Game seed: 13184974399964358013

1250 qw the Skirmisher (level 8, -3/42 (46) HPs)
             Began as a Deep Elf Hunter on June 25, 2023.
             Slain by a wight
             ... wielding a +0 battleaxe
              (8 damage)
             ... on level 6 of the Dungeon.
             The game lasted 00:01:52 (4411 turns).

qw the Skirmisher (Deep Elf Hunter)                 Turns: 4411, Time: 00:01:52

HP:   -3/42 (46)    AC:  9    Str: 10    XL:     8   Next: 26%
MP:   10/10         EV: 12    Int: 15    God:
Gold: 337           SH:  0    Dex: 18    Spells: 7/7 levels left

rFire   . . .        e - +1 shortbow (heavy)
rCold   . . .        (shield currently unavailable)
rNeg    . . .        b - +0 ring mail
rPois   +            j - +2 helmet
rElec   .            (no cloak)
rCorr   .            k - +0 pair of gloves
SInv    .            (no boots)
Will    .....        (no amulet)
Stlth   +            f - ring of poison resistance
HPRegen 0.27/turn    (no ring)
MPRegen 0.12/turn

%: no passive effects
@: drained
A: no striking features
a: no special abilities


You were on level 6 of the Dungeon.
You visited 1 branch of the dungeon, and saw 6 of its levels.

You collected 356 gold pieces.
You spent 19 gold pieces at shops.


   Skills:
 - Level 3.2 Fighting
 + Level 12.2 Ranged Weapons
 - Level 1.4 Armour
 - Level 4.4 Dodging
 - Level 1.2 Stealth


You had 7 spell levels left.
You didn't know any spells.
Your spell library was empty.

Inventory:

Hand Weapons
 e - a +1 heavy shortbow (weapon)
Armour
 b - a +0 ring mail (worn)
 j - a +2 helmet (worn)
 k - a +0 pair of gloves (worn)
Jewellery
 f - a ring of poison resistance (left hand)
Scrolls
 c - a scroll of teleportation
 d - 2 scrolls of identify
 l - a scroll of silence {unknown}
Potions
 a - 2 potions of haste
 g - a potion of heal wounds
 h - 3 potions of enlightenment
 i - a potion of cancellation
 m - 2 potions of curing
 n - 3 potions of mutation
 o - a potion of degeneration {unknown}

Dungeon Overview and Level Annotations

Branches:
Dungeon (6/15)
 Temple: D:4-7

Altars:
Fedhas
Trog

Shops:
D:2 *   D:4 *

Annotations:
D:5 1 runed translucent door, Crazy Yiuf
D:6 2 runed translucent doors, qw's ghost, novice GrFi


Message History

Blork the orc is lightly wounded.
A wight comes into view. It is wielding a +2 long sword.
Blork the orc screams, "I'll rip your head off!"
Blork the orc barely misses you.
You shoot an arrow. The arrow hits Blork the orc!!
Blork the orc is severely wounded.
Blork the orc drinks a potion.
Blork the orc is healed!
You shoot an arrow. The arrow closely misses Blork the orc.
The arrow barely misses the wight.
The arrow hits the wight!
The wight is severely damaged.
Qw's ghost grins evilly.
Blork the orc misses you.
You shoot an arrow. The arrow hits Blork the orc!!
Blork the orc is almost dead.
A wight comes into view.
It is wielding a +0 morningstar and carrying a wand of flame (30).
Blork the orc misses you. The wight hits you with a +4 flail!
Blork the orc looks encouraged for a moment.
You shoot an arrow. The arrow closely misses Blork the orc.
The arrow hits the wight.
The wight is almost destroyed.
The wight closely misses you.
Qw's ghost says, "Try not to bleed too much."
Blork the orc gestures at you while chanting.
The magic dart hits you but does no damage.
You shoot an arrow. The arrow hits Blork the orc!!
You kill Blork the orc!
The wight closely misses you.
Your Fighting skill increases to level 3!
You shoot an arrow. The arrow hits the wight.
You destroy the wight!
The wight hits you with a +4 flail.
You feel drained.
The wight zaps a wand.
The puff of flame hits you! The wight completely misses you.
The wight barely misses you. The wight hits you with a +4 flail.
You feel drained.
You shoot an arrow. The arrow hits the wight!
The wight is severely damaged.
The wight zaps a wand.
The puff of flame hits you! The wight hits you with a +4 flail.
You feel drained. The wight hits you with a +0 battleaxe!
You die...

.####.##.##...<..... ##
........###.###.#...
'.....#####.###+#.......
#.#..###...##..........
##........#######.....#.
#....#.##.##~.# #.....#.
#.....z#..#..#~##.......
......)#..#.8.~##.......
......z@..+W.~!.#....#..
...#..z...+~#..##....#..
#.###..#..~..#....### #
#..#..~###.[..###
####.##~##....#.. ##
###....### ###'## #.# ..
#.####


You could see 3 wights and qw's ghost.

Vanquished Creatures
  Eustachio (D:5)
  A centaur (D:5)
  2 phantoms
  Blork the orc (D:6)
  A bullfrog (D:6)
  2 scorpions
  A wight (D:6)
  A hound (D:5)
  A gnoll bouda (D:6)
  A jelly (D:6)
  2 orc priests (D:4)
  Jessica (D:2)
  An iguana (D:5)
  4 orc wizards
  11 gnolls
  5 adders
  A shadow imp (D:5)
  A white imp (D:5)
  An ufetubus (D:4)
  3 worms
  3 dart slugs
  12 orcs
  4 bats
  6 endoplasms
  6 giant cockroaches
  9 goblins
  7 hobgoblins
  11 kobolds
  8 quokkas
  6 ball pythons
  6 frilled lizards
  3 rats
123 creatures vanquished.

Notes
Turn   | Place    | Note
-------+----------+-------------------------------------------
     0 | D:1      | qw the Deep Elf Hunter began the quest for the Orb.
     0 | D:1      | Reached XP level 1. HP: 12/12 MP: 3/3
     0 | D:1      | 0 ||| qw: Version: 0.3-a-22-g0ed2b0b
     0 | D:1      | 0 ||| qw: Game counter: 5212
     0 | D:1      | 0 ||| qw: Melee chars always use a shield: true
     0 | D:1      | 0 ||| qw: God list: Okawaru
     0 | D:1      | 0 ||| qw: Allow faded altars: false
     0 | D:1      | 0 ||| qw: Do Orc after clearing Dungeon:15 true
     0 | D:1      | 0 ||| qw: Do second Lair branch before Depths: true
     0 | D:1      | 0 ||| qw: Lair rune preference: random
     0 | D:1      | 0 ||| qw: Goals: Normal
     0 | D:1      | 0 ||| PLANNING D:1-11
   142 | D:1      | Found a faded altar of an unknown god.
   233 | D:1      | Reached XP level 2. HP: 16/16 MP: 4/4
   234 | D:1      | Reached skill level 6 in Ranged Weapons
   597 | D:1      | 597 ||| UPGRADING to +2 helmet.
   602 | D:1      | 602 ||| UPGRADING to ring of poison resistance.
   603 | D:1      | 603 ||| READING scroll labelled ICAHUN WULUCK.
   604 | D:1      | 604 ||| READING scroll labelled KALESCH CAXTUIL.
   605 | D:1      | 605 ||| READING scroll labelled RIMAMMETHRI.
   606 | D:1      | 606 ||| DROPPING scroll of butterflies.
   638 | D:2      | Found Kuycapn's Assorted Antiques.
   648 | D:2      | Found a blossoming altar of Fedhas.
   649 | D:2      | 649 ||| SHOPLISTING cloak (99 gold, have 34).
   649 | D:2      | 649 ||| SHOPLISTING pair of gloves (99 gold, have 34).
   649 | D:2      | 649 ||| BUYING puce potion (19 gold).
   649 | D:2      | Bought a puce potion for 19 gold pieces
   649 | D:2      | 649 ||| SHOPLISTING ruby potion (19 gold, have 15).
   649 | D:2      | 649 ||| SHOPLISTING runed leather armour (110 gold, have
                  | 15).
   649 | D:2      | 649 ||| SHOPLISTING scroll labelled QAONAM YLAOSMU (22
                  | gold, have 15).
   649 | D:2      | 649 ||| SHOPLISTING scroll labelled WIREXUT INUNUO (22
                  | gold, have 15).
   649 | D:2      | 649 ||| SHOPLISTING scroll of identify (44 gold, have 15).
   649 | D:2      | 649 ||| SHOPLISTING shiny scale mail (154 gold, have 15).
   656 | D:2      | Reached XP level 3. HP: 20/20 MP: 5/5
   702 | D:2      | Reached skill level 7 in Ranged Weapons
   720 | D:2      | 720 ||| FLEEEEING.
   721 | D:2      | 721 ||| FLEEEEING.
   726 | D:2      | 726 ||| STAIRDANCE
   751 | D:1      | 751 ||| READING scroll labelled KIQEZIUMPU.
   752 | D:1      | 752 ||| READING scroll labelled YSUWY MYIXIC.
   753 | D:1      | 753 ||| READING scroll labelled YMAEDWIKUU.
  1000 | D:2      | Noticed Jessica
  1006 | D:2      | Killed Jessica
  1007 | D:2      | Reached XP level 4. HP: 25/25 MP: 6/6
  1035 | D:2      | 1035 ||| UPGRADING to +0 ring mail.
  1045 | D:2      | 1045 ||| DROPPING +0 leather armour.
  1046 | D:2      | 1046 ||| READING scroll labelled OHUADD LAZIAX.
  1047 | D:2      | 1047 ||| READING scroll labelled IXOWNE GADEJA.
  1091 | D:2      | 1091 ||| READING scroll labelled WIREXUT INUNUO.
  1092 | D:2      | 1092 ||| DRINKING 2 puce potions.
  1203 | D:3      | Reached skill level 8 in Ranged Weapons
  1836 | D:3      | You fall into a shaft and drop 1 floor!
  1843 | D:4      | 1843 ||| PLANNING SEWER
  1863 | D:4      | Reached XP level 5. HP: 27/29 MP: 7/7
  2025 | D:4      | Found Adaesh's Lightly-Used Armoury.
  2032 | D:4      | Reached skill level 9 in Ranged Weapons
  2048 | D:4      | 2048 ||| SHOPLISTING -3 pearl dragon scales (1020 gold,
                  | have 158).
  2117 | D:4      | 2117 ||| FLEEEEING.
  2118 | D:4      | 2118 ||| FLEEEEING.
  2123 | D:4      | 2123 ||| FLEEEEING.
  2124 | D:4      | 2124 ||| FLEEEEING.
  2125 | D:4      | 2125 ||| FLEEEEING.
  2126 | D:4      | 2126 ||| FLEEEEING.
  2127 | D:4      | 2127 ||| FLEEEEING.
  2128 | D:4      | 2128 ||| FLEEEEING.
  2382 | D:4      | Reached XP level 6. HP: 19/35 MP: 8/8
  2382 | D:4      | 2382 ||| FLEEEEING.
  2383 | D:4      | 2383 ||| FLEEEEING.
  2384 | D:4      | 2384 ||| FLEEEEING.
  2385 | D:4      | 2385 ||| FLEEEEING.
  2386 | D:4      | 2386 ||| FLEEEEING.
  2387 | D:4      | 2387 ||| FLEEEEING.
  2388 | D:4      | 2388 ||| FLEEEEING.
  2389 | D:4      | 2389 ||| FLEEEEING.
  2390 | D:4      | 2390 ||| FLEEEEING.
  2391 | D:4      | 2391 ||| FLEEEEING.
  2392 | D:4      | 2392 ||| FLEEEEING.
  2393 | D:4      | 2393 ||| FLEEEEING.
  2394 | D:4      | 2394 ||| FLEEEEING.
  2395 | D:4      | 2395 ||| FLEEEEING.
  2396 | D:4      | 2396 ||| FLEEEEING.
  2397 | D:4      | 2397 ||| FLEEEEING.
  2398 | D:4      | 2398 ||| FLEEEEING.
  2399 | D:4      | 2399 ||| FLEEEEING.
  2400 | D:4      | 2400 ||| FLEEEEING.
  2401 | D:4      | 2401 ||| FLEEEEING.
  2402 | D:4      | 2402 ||| FLEEEEING.
  2403 | D:4      | 2403 ||| FLEEEEING.
  2404 | D:4      | 2404 ||| FLEEEEING.
  2405 | D:4      | 2405 ||| FLEEEEING.
  2406 | D:4      | 2406 ||| FLEEEEING.
  2407 | D:4      | 2407 ||| FLEEEEING.
  2408 | D:4      | 2408 ||| FLEEEEING.
  2409 | D:4      | 2409 ||| FLEEEEING.
  2410 | D:4      | 2410 ||| FLEEEEING.
  2411 | D:4      | 2411 ||| FLEEEEING.
  2412 | D:4      | 2412 ||| FLEEEEING.
  2413 | D:4      | 2413 ||| FLEEEEING.
  2414 | D:4      | 2414 ||| FLEEEEING.
  2415 | D:4      | 2415 ||| FLEEEEING.
  2416 | D:4      | 2416 ||| FLEEEEING.
  2417 | D:4      | 2417 ||| FLEEEEING.
  2418 | D:4      | 2418 ||| FLEEEEING.
  2419 | D:4      | 2419 ||| FLEEEEING.
  2420 | D:4      | 2420 ||| FLEEEEING.
  2421 | D:4      | 2421 ||| FLEEEEING.
  2422 | D:4      | 2422 ||| FLEEEEING.
  2423 | D:4      | 2423 ||| FLEEEEING.
  2424 | D:4      | 2424 ||| FLEEEEING.
  2425 | D:4      | 2425 ||| FLEEEEING.
  2426 | D:4      | 2426 ||| FLEEEEING.
  2427 | D:4      | 2427 ||| FLEEEEING.
  2428 | D:4      | 2428 ||| FLEEEEING.
  2429 | D:4      | 2429 ||| FLEEEEING.
  2430 | D:4      | 2430 ||| FLEEEEING.
  2431 | D:4      | 2431 ||| FLEEEEING.
  2432 | D:4      | 2432 ||| FLEEEEING.
  2582 | D:4      | 2582 ||| RIP SEWER
  2645 | D:4      | 2645 ||| PLANNING D:1-11
  2645 | D:4      | 2645 ||| UPGRADING to +0 pair of gloves.
  2650 | D:4      | 2650 ||| READING scroll labelled QAONAM YLAOSMU.
  2653 | D:4      | 2653 ||| READING 2 scrolls labelled YWILAW KO ENY.
  2654 | D:4      | 2654 ||| DRINKING 4 pink potions.
  2655 | D:4      | 2655 ||| DRINKING 3 sedimented yellow potions.
  2656 | D:4      | 2656 ||| READING 5 scrolls of identify.
  2656 | D:4      | 2656 ||| IDENTIFYING fuming silvery potion
  2657 | D:4      | 2657 ||| READING 4 scrolls of identify.
  2657 | D:4      | 2657 ||| IDENTIFYING green potion
  2658 | D:4      | 2658 ||| READING 3 scrolls of identify.
  2658 | D:4      | 2658 ||| IDENTIFYING coppery potion
  2659 | D:4      | 2659 ||| READING 2 scrolls of identify.
  2659 | D:4      | 2659 ||| IDENTIFYING amethyst potion
  2660 | D:4      | 2660 ||| DROPPING scroll of revelation.
  2661 | D:4      | 2661 ||| DROPPING potion of invisibility.
  2860 | D:3      | 2860 ||| READING 2 scrolls of identify.
  2860 | D:3      | 2860 ||| IDENTIFYING yellow potion
  2861 | D:3      | 2861 ||| DROPPING potion of brilliance.
  2937 | D:5      | Entered Level 5 of the Dungeon
  2993 | D:5      | Reached skill level 1 in Armour
  3094 | D:5      | Found a runed translucent door.
  3095 | D:5      | Noticed Crazy Yiuf
  3131 | D:5      | 3131 ||| READING scroll of brand weapon.
  3131 | D:5      | 3131 ||| BRANDING +0 shortbow of flaming.
  3154 | D:5      | HP: 5/35 [gnoll/+0 club (6)]
  3155 | D:5      | Reached skill level 10 in Ranged Weapons
  3155 | D:5      | 3155 ||| DRINKING potion of heal wounds.
  3309 | D:5      | Noticed Eustachio
  3317 | D:5      | Killed Eustachio
  3318 | D:5      | Reached XP level 7. HP: 33/40 MP: 9/9
  3554 | D:5      | HP: 10/40 [centaur (3)]
  3555 | D:5      | HP: 4/40 [centaur (6)]
  3558 | D:5      | Reached skill level 11 in Ranged Weapons
  3694 | D:5      | 3694 ||| SWAPPING to +1 heavy shortbow.
  3695 | D:5      | 3695 ||| DROPPING +0 heavy shortbow.
  3891 | D:5      | 3891 ||| READING scroll labelled JUGUPT PYJEAPS.
  4036 | D:6      | Reached skill level 12 in Ranged Weapons
  4036 | D:6      | Reached XP level 8. HP: 18/44 MP: 10/10
  4191 | D:6      | Found a bloodstained altar of Trog.
  4397 | D:6      | Found a large runed translucent door.
  4397 | D:6      | Found a large runed translucent door.
  4399 | D:6      | Noticed qw's ghost (novice GrFi)
  4403 | D:6      | Noticed Blork the orc
  4409 | D:6      | Killed Blork the orc
  4410 | D:6      | Reached skill level 3 in Fighting
  4411 | D:6      | HP: 9/44 [wight/puff of flame (9)]
  4411 | D:6      | Slain by a wight

Levels and vault maps discovered:
D:1:      saegor_arrival_miasma, layout_loops_cross,
          chequers_ecumenical_altar_simple_redux, serial_bayou_pond_c
D:2:      layout_rooms, serial_shops, shop, basic_altar,
          kennysheep_jessica_study
D:3:      layout_loops_corners, grunt_ministairs_7, uniq_jessica
D:4:      layout_basic, portal_sewer_entry_d, minmay_shop_damaged
D:5:      layout_loops_cross, minmay_between, uniq_crazy_yiuf_cottage,
          uniq_eustachio
D:6:      layout_basic, trog_book, ebering_ghost_disaster_area,
          uniq_blork_the_orc

Skill      XL: |  1  2  3  4  5  6  7  8 |
---------------+-------------------------+-----
Ranged Weapons | 6 7 8 9 10 12 | 12.2
Fighting       | 2 3 |  3.2
Armour         | 1 |  1.4
Dodging        | 4 |  4.4
Stealth        | |  1.2

Action                     |  1- 3 |  4- 6 |  7- 9 || total
---------------------------+-------+-------+-------++-------
   Fire: Shortbow          |   101 |   165 |    79 ||   345
    Use: Scroll            |     6 |    11 |     1 ||    18
         Potion            |       |     4 |       ||     4
 Armour: Leather armour    |    11 |       |       ||    11
         Ring mail         |       |    23 |    28 ||    51
  Dodge: Dodged            |    21 |    30 |    65 ||   116

Table legend:
 A = Non-vault XP
 B = Vault XP
 C = Vault XP percentage of total XP
 D = Non-vault monster count
 E = Vault monster count
 F = Vault count percentage of total count
                 A         B        C        D         E       F
            +---------+---------+-------+---------+---------+-------
      Total |    1398 |     389 |  21.8 |     114 |       9 |   7.3
            +---------+---------+-------+---------+---------+-------
        D:1 |      32 |       0 |   0.0 |      19 |       0 |   0.0
        D:2 |      56 |      39 |  41.1 |      21 |       2 |   8.7
        D:3 |      44 |       7 |  13.7 |      18 |       2 |  10.0
        D:4 |     262 |      13 |   4.7 |      30 |       1 |   3.2
        D:5 |     458 |     236 |  34.0 |      12 |       3 |  20.0
        D:6 |     546 |      94 |  14.7 |      14 |       1 |   6.7
            +---------+---------+-------+---------+---------+-------
